 Dungeon Crawl Stone Soup version 0.16.2-2-g470672f (webtiles) character file.

144 monobi the Covered (level 5, -4/41 HPs)
             Began as a Demonspawn Fighter on Sept 3, 2015.
             Slain by an ogre
             ... wielding a +0 giant club
              (16 damage)
             ... on level 4 of the Dungeon.
             The game lasted 00:03:11 (1416 turns).

monobi the Covered (Demonspawn Fighter)             Turns: 1416, Time: 00:03:12

Health: -4/41      AC: 11    Str: 22    XL:     5   Next: 5%
Magic:  5/5        EV:  8    Int:  9    God:
Gold:   50         SH: 11    Dex: 13    Spells: 0 memorised, 4 levels left

rFire  . . .     SeeInvis .     a - +0 trident
rCold  . . .     Clarity  .     b - +0 scale mail
rNeg   . . .     SustAb   .     l - +2 shield
rPois  .         Gourm    .     (helmet restricted)
rElec  .         Spirit   .     (no cloak)
rCorr  .         Warding  .     (no gloves)
rMut   .         Stasis   .     (no boots)
MR     .....                    (no amulet)
Stlth  +.........               (no ring)
                                k - ring of wizardry

@: mighty, not resistant to hostile enchantments, very unstealthy
A: antennae 1, iridescent scales 1, nightstalker 1
a: no special abilities


You were on level 4 of the Dungeon.
You were not hungry.

You visited 1 branch of the dungeon, and saw 3 of its levels.

You collected 50 gold pieces.

Inventory:

Hand weapons
 a - a +0 trident (weapon)
Armour
 b - a +0 scale mail (worn)
 l - a +2 shield (worn)
Jewellery
 k - a ring of wizardry (left hand)
Scrolls
 c - a scroll of recharging {unknown}
 h - 2 scrolls of magic mapping {unknown}
Potions
 f - a potion of heal wounds {unknown}
 i - a potion of agility {unknown}
Comestibles
 d - 2 bread rations
 j - a meat ration


   Skills:
 + Level 3.5 Fighting
 + Level 2.2 Polearms
 + Level 3.8 Armour
 + Level 0.8 Dodging
 + Level 3.6 Shields


You had 4 spell levels left.
You didn't know any spells.

Dungeon Overview and Level Annotations

Branches:
Dungeon (4/15)
 Temple: D:4-7

Altars:

Shops:
D:4 [


Innate Abilities, Weirdness & Mutations

You have a pair of small antennae on your head.
You are partially covered in iridescent scales (AC +4).
You are slightly more attuned to the shadows.


Message History

You are too injured to fight recklessly!
You are too injured to fight recklessly!
You are too injured to fight recklessly!
An ogre is nearby!
An ogre is nearby!
Drink which item? (? for menu, Esc to quit)
You feel very mighty all of a sudden. You block the ogre's attack.
Eat which item? (? for menu, Esc to quit)
Okay, then.
You barely miss the ogre.
The ogre is lightly wounded.
You block the ogre's attack.
You puncture the ogre!
The ogre is heavily wounded.
You block the ogre's attack.
You puncture the ogre!
The ogre is almost dead.
The ogre hits you with a giant club!
You die...

. ... .....
..... ......
......####+##
......>O...∩.#
.......@.....#
.............+
%............#
.............#
###...##...##
####+##...####+
#..............
#..............
#.....).......


You could see an ogre.

Vanquished Creatures
  An ogre (D:4)
  4 adders (D:2)
  4 goblins
  3 hobgoblins (D:1)
  2 jackals (D:1)
  6 kobolds
  5 bats
  2 giant geckos
  4 giant newts
  A jackal skeleton (D:4)
  2 rats
34 creatures vanquished.

Notes
Turn   | Place    | Note
--------------------------------------------------------------
     0 | D:1      | monobi, the Demonspawn Fighter, began the quest for the Orb.
     0 | D:1      | Reached XP level 1. HP: 18/18 MP: 1/1
   319 | D:1      | Gained mutation: You are partially covered in iridescent scales (AC +4). [demonic ancestry]
   319 | D:1      | Reached XP level 2. HP: 24/24 MP: 2/2
   813 | D:2      | Gained mutation: You are slightly more attuned to the shadows. [demonic ancestry]
   813 | D:2      | Reached XP level 3. HP: 22/29 MP: 3/3
  1341 | D:2      | You fall through a shaft for 2 floors!
  1353 | D:4      | Noticed an ogre
  1364 | D:4      | Killed an ogre
  1364 | D:4      | Reached XP level 4. HP: 35/35 MP: 4/4
  1364 | D:4      | Gained mutation: You have a pair of small antennae on your head. [demonic ancestry]
  1364 | D:4      | Reached XP level 5. HP: 41/41 MP: 5/5
  1399 | D:4      | Found Ythruasis' Antique Armour Boutique.
  1404 | D:4      | Noticed an ogre
  1416 | D:4      | Slain by an ogre

Action                   |  1- 3 |  4- 6 || total
-------------------------+-------+-------++-------
Melee: Trident           |   142 |    22 ||   164
  Use: Potion            |       |     1 ||     1
  Eat: Beef jerky        |     1 |       ||     1
